 Dungeon Crawl Stone Soup version 0.29.1-1-gd02db6906a (webtiles) character file.

Game seed: 9631881630950127760

95 Godmorgon the Magician (level 4, -2/33 HPs)
             Began as a Djinni Ice Elementalist on Oct 2, 2022.
             Slain by Crazy Yiuf
             ... wielding a +2 quarterstaff of chaos
              (6 damage)
             ... on level 2 of the Dungeon.
             The game lasted 00:11:13 (2454 turns).

Godmorgon the Magician (Djinni Ice Elementalist)    Turns: 2454, Time: 00:11:14

Health: -2/33      AC:  3    Str:  7    XL:     4   Next: 97%
Gold:   84         EV: 12    Int: 19    God:
                   SH:  0    Dex: 13

rFire   + + .      SeeInvis .   b - +2 hand axe (elec)
rCold   x . .      Faith    .   (no shield)
rNeg    . . .      Spirit   .   f - +0 robe
rPois   ∞          Reflect  .   (helmet currently unavailable)
rElec   .          Harm     .   m - +0 cloak
rCorr   .          Rampage  .   (no gloves)
Will    .....                   (boots unavailable)
Stlth   ++........              (no amulet)
HPRegen 0.11/turn               (no ring)
MPRegen 0.00/turn               (no ring)

@: appendages, freezing walls, flying
A: horns 2, flying, sickness immunity, fire resistance 2, cold vulnerability 1,
float, innate caster, HP casting, extra vitality 1
a: End Transformation


You were on level 2 of the Dungeon.
You had temporarily grown beastly horns.
You visited 1 branch of the dungeon, and saw 2 of its levels.

You collected 84 gold pieces.

Inventory:

Hand Weapons
 a - a +1 short sword of venom
 b - a +2 hand axe of electrocution (weapon)
Missiles
 i - a poisoned dart (quivered)
Armour
 f - a +0 robe (worn)
 g - a +0 tower shield
 m - a +0 cloak (worn)
Magical Staves
 o - a staff of conjuration
Scrolls
 d - 2 scrolls of magic mapping {unknown}
 e - 2 scrolls of identify {unknown}
 h - a scroll of fear {unknown}
 k - a scroll of enchant weapon {unknown}
 n - a scroll of poison {unknown}
 p - a scroll of fog {unknown}
Potions
 c - a potion of mutation {unknown}
 j - a potion of berserk rage
 l - a potion of might {unknown}
 q - a potion of lignification {unknown}
 r - a potion of attraction {unknown}


   Skills:
 + Level 2.1 Fighting
 - Level 2.1 Dodging
 - Level 1.5 Stealth
 * Level 4.2 Spellcasting


You couldn't memorise any spells.
You knew the following spells:

 Your Spells              Type           Power      Damage    Failure   Level
a - Ozocubu's Armour      Ice            20%        N/A       7%          3
b - Beastly Appendage     Tmut           40%        N/A       2%          1
f - Freeze                Ice            80%        1d9       2%          1
h - Hailstorm             Conj/Ice       20%        3d6       22%         4
r - Frozen Ramparts       Ice            40%        1d7       7%          3
Your spell library was empty.

Dungeon Overview and Level Annotations

Branches:
Dungeon (2/15)

Altars:

Shops:
D:1 !

Annotations:
D:2 Crazy Yiuf


Innate Abilities, Weirdness & Mutations

You have temporarily grown beastly horns.
You are flying.
You are immune to sickness and miasma.
You are immune to poison.
Your flesh is very heat resistant. (rF++)
You are vulnerable to cold. (rC-)
You float through the air rather than walking.
You learn spells naturally, not from books.
Your magical power is your life essence.
You have superior vitality. (+4 MHP)


Message History

You reach down and open the door.
Crazy Yiuf shouts!
Press: ? - help, v - describe, . - travel
Here: Crazy Yiuf, wielding a +2 quarterstaff of chaos and wearing a +0 cloak The floor.
Unknown command.
Casting: Freeze (safe; 2% risk of failure)
Confirm with . or Enter, or press ? or * to list all spells.
You grow a pair of large bovine horns.
Unknown command.
Casting: Beastly Appendage (safe; 2% risk of failure)
Confirm with . or Enter, or press ? or * to list all spells.
The spell is quite dangerous to miscast (7% risk of failure)!
Continue anyway?
Casting: Frozen Ramparts (quite dangerous; 7% risk of failure)
Press: ? - help, Dir - look around, f - activate The walls around you are covered in ice.
The wall freezes Crazy Yiuf.
Crazy Yiuf screams, "Snurf tea shrimp!"
You barely miss Crazy Yiuf.
Crazy Yiuf is lightly wounded.
The wall freezes Crazy Yiuf.
Crazy Yiuf closely misses you.
The wall freezes Crazy Yiuf but does no damage.
Crazy Yiuf says, "Hah!"
Crazy Yiuf barely misses you.
You barely miss Crazy Yiuf.
Crazy Yiuf is moderately wounded.
The wall freezes Crazy Yiuf.
Crazy Yiuf hits you with a +2 quarterstaff of chaos!
You hit Crazy Yiuf.
Crazy Yiuf is heavily wounded.
The wall freezes Crazy Yiuf.
Crazy Yiuf drinks a potion.
Crazy Yiuf goes berserk!
You closely miss Crazy Yiuf.
Crazy Yiuf is severely wounded.
The wall freezes Crazy Yiuf.
Crazy Yiuf completely misses you.
The wall freezes Crazy Yiuf but does no damage.
Crazy Yiuf hits you with a +2 quarterstaff of chaos!
* * * LOW HITPOINT WARNING * * *
Crazy Yiuf freezes you.
You die...

######### ........#
#######.# #:# #.# ###
♣♣#### ##.# #)..#♣♣
♣♣.#..## #..#
#...g@♣♣♣♣......# #.##
#...#♣..♣.......# ##.# ###
♣♣♣.♣..#...# ####..#
♣♣♣♣♣##.## ##..#.## #.#
....#.###################.#
..........................#
......#####.###############
.....## ##.#


You could see Crazy Yiuf (berserk).

Vanquished Creatures
  A hound (D:1)
  2 gnolls (D:1)
  7 endoplasms
  3 goblins (D:1)
  6 hobgoblins (D:1)
  3 jackals (D:1)
  3 kobolds
  A quokka (D:1)
  6 ball pythons
  5 bats
  3 frilled lizards (D:1)
  3 rats (D:1)
43 creatures vanquished.

Notes
Turn   | Place    | Note
-------+----------+-------------------------------------------
     0 | D:1      | Godmorgon the Djinni Ice Elementalist began the quest for
                  | the Orb.
     0 | D:1      | Godmorgon set off with the following spells memorised:
                  | Freeze, Frozen Ramparts, Ozocubu's Armour, Hailstorm.
     0 | D:1      | Reached XP level 1. HP: 15/15 MP: 0/0
    95 | D:1      | Reached XP level 2. HP: 13/22 MP: 0/0
   432 | D:1      | Reached skill level 1 in Fighting
   749 | D:1      | Reached XP level 3. HP: 15/27 MP: 0/0
   749 | D:1      | Learned a level 1 spell: Beastly Appendage
   899 | D:1      | Found Obeikhlupp's Distillery.
  1789 | D:1      | Reached skill level 4 in Spellcasting
  1789 | D:1      | Reached XP level 4. HP: 30/33 MP: 0/0
  2444 | D:2      | Found a runed translucent door.
  2445 | D:2      | Noticed Crazy Yiuf
  2454 | D:2      | Slain by Crazy Yiuf

Illustrated notes

Levels and vault maps discovered:
D:1:      psy_arrival_whirlpool, layout_basic, serial_shops,
          nicolae_shop_waterfront, ebering_dispersal_statue_hall,
          hangedman_decor_peaks_small, minmay_tetromino_o4
D:2:      layout_rooms, dreamdust_ecumenical_altar_angels_and_demons,
          kennysheep_generic_room_4, uniq_crazy_yiuf_cottage

Skill      XL: |  1  2  3  4 |
---------------+-------------+-----
Fighting       | 1 2 |  2.1
Spellcasting   | 4 |  4.2
Dodging        | |  2.1
Stealth        | |  1.5

Action                   |  1- 3 |  4- 6 || total
-------------------------+-------+-------++-------
Melee: Short sword       |    46 |     6 ||    52
       Hand axe          |       |    18 ||    18
Throw: Dart              |     5 |       ||     5
 Cast: Freeze            |    21 |     5 ||    26
       Beastly Appendage |     5 |     1 ||     6
       Frozen Ramparts   |     1 |     1 ||     2
 Stab: Sleeping          |     1 |     3 ||     4
Armor: Robe              |    10 |     5 ||    15
Dodge: Dodged            |    40 |    16 ||    56
